 Dungeon Crawl Stone Soup version 0.30-a0-21-g5d08c37080 (webtiles) character file.

Game seed: 12347170366505522999

85 Plasmagod the Slasher (level 4, -1/54 HPs)
             Began as a Barachi Fighter on Aug 24, 2022.
             Slain by Natasha (4 damage)
             ... on level 3 of the Dungeon.
             The game lasted 00:03:42 (2466 turns).

Plasmagod the Slasher (Barachi Fighter)             Turns: 2466, Time: 00:03:42

Health: -1/54      AC:  6    Str: 17    XL:     4   Next: 48%
Magic:  4/4        EV:  9    Int:  8    God:
Gold:   213        SH:  5    Dex: 14    Spells: 3/3 levels left

rFire   . . .      SeeInvis .    a - +0 long sword
rCold   . . .      Faith    .    c - +0 buckler
rNeg    . . .      Spirit   .    b - +0 scale mail
rPois   .          Reflect  .    (no helmet)
rElec   .          Harm     .    (no cloak)
rCorr   .          Rampage  .    (no gloves)
Will    .....                    (no boots)
Stlth   ..........               (no amulet)
HPRegen 0.18/turn                (no ring)
MPRegen 0.09/turn                (no ring)

@: berserking, unable to hop, quick
A: amphibious, slowness 1, strong legs 1, +LOS
a: Hop


You were on level 3 of the Dungeon.
You visited 1 branch of the dungeon, and saw 3 of its levels.

You collected 213 gold pieces.

Inventory:

Hand Weapons
 a - a +0 long sword (weapon)
Armour
 b - a +0 scale mail (worn)
 c - a +0 buckler (worn)
Jewellery
 e - a ring of magical power
 g - a ring of fire
 k - an amulet of regeneration
Wands
 r - a wand of quicksilver (8)
Scrolls
 f - 3 scrolls of identify {unknown}
 h - a scroll of poison {unknown}
 m - a scroll of teleportation {unknown}
 n - 2 scrolls of fear {unknown}
 p - 2 scrolls of noise {unknown}
 s - a scroll of vulnerability {unknown}
Potions
 d - 2 potions of might
 i - a potion of ambrosia {unknown}
 j - a potion of attraction {unknown}
 l - a potion of resistance {unknown}
 q - a potion of mutation {unknown}
 t - a potion of haste {unknown}


   Skills:
 - Level 3.6 Fighting
 + Level 5.5 Long Blades
 - Level 3.6 Armour
 - Level 3.2 Shields


You had 3 spell levels left.
You didn't know any spells.
Your spell library contained the following spells:

 Spells                   Type           Power      Damage    Failure   Level
 Freeze                   Ice            0%         1d3       88%         1
 Conjure Flame            Conj/Fire      0%         6-21      99%         3
 Frozen Ramparts          Ice            0%         1d1       99%         3
 Ignite Poison            Fire/Tmut/Pois 0%         N/A       99%         3
 Hailstorm                Conj/Ice       0%         3d3       100%        4
 Sticky Flame             Conj/Fire      0%         2d3       100%        4


Dungeon Overview and Level Annotations

Branches:
Dungeon (3/15)

Altars:

Annotations:
D:3 Natasha


Innate Abilities, Weirdness & Mutations

You are amphibious.
You cover ground slowly.
You can hop short distances.
You have an extended range of vision and can be seen from far away.


Message History

No target in view!
No target in view!
No target in view!
You see here a quokka corpse.
Natasha and a rat come into view.
Natasha is carrying a wand of quicksilver (5).
Natasha hisses angrily.
Natasha zaps a wand.
The bolt of dispelling energy hits you!!
Ouch! That really hurt!
Natasha casts a spell at you.
You feel yourself slow down.
Hop to where?
Press: ? - help, Dir - move target Boing!
Natasha zaps a wand.
The bolt of dispelling energy misses you.
You see here a quokka corpse.
You barely miss the rat.
You feel yourself speed up.
Natasha zaps a wand.
The bolt of dispelling energy hits the rat!
The rat dies!
The bolt of dispelling energy hits you!
* * * LOW HITPOINT WARNING * * *
It was a potion of berserk rage.
A red film seems to cover your vision as you go berserk!
You feel yourself moving faster!
You feel mighty!
Natasha stares at you and mumbles some strange words.
You resist with some effort.
You slash Natasha!
Natasha is severely wounded.
Natasha casts a spell.
You completely miss Natasha.
Natasha is severely wounded.
Natasha completely misses you.
You miss Natasha.
Natasha is severely wounded.
Natasha claws you.
You die...

####....##### #.##
#######....#### #..#
#.......#### ##.##
#.####### #..# ##.#
##.###### ...#
#........ .###
#######........ .#
########...........###
.#
##..5h@†..#####.....#
# .# #..########
#.....### .# ##.##
##.....##.
.#########..#
##.........
.#.........##
#.......###
.#.....h...# #.......#
.#.........# #[.######
.#####.##### ###.## #
.# #.# ### ##...#
#####


You could see Natasha and a white imp (summoned).

Vanquished Creatures
  2 gnolls (D:1)
  A dart slug (D:2)
  5 orcs (D:3)
  4 ball pythons
  6 bats
  5 endoplasms
  A giant cockroach (D:1)
  3 goblins
  4 hobgoblins
  3 jackals (D:2)
  4 kobolds
  7 quokkas
  3 frilled lizards
  5 rats
53 creatures vanquished.

Vanquished Creatures (others)
  A rat (D:3)
1 creature vanquished.

Grand Total: 54 creatures vanquished

Notes
Turn   | Place    | Note
-------+----------+-------------------------------------------
     0 | D:1      | Plasmagod the Barachi Fighter began the quest for the Orb.
     0 | D:1      | Reached XP level 1. HP: 18/18 MP: 1/1
    96 | D:1      | Reached skill level 3 in Long Blades
    99 | D:1      | Reached XP level 2. HP: 23/24 MP: 2/2
   299 | D:1      | Reached skill level 4 in Long Blades
   419 | D:1      | Reached XP level 3. HP: 29/29 MP: 3/3
  1083 | D:2      | Reached skill level 5 in Long Blades
  1209 | D:2      | Reached XP level 4. HP: 34/36 MP: 4/4
  1450 | D:2      | Found a faded altar of an unknown god.
  2451 | D:3      | Noticed Natasha
  2466 | D:3      | Slain by Natasha

Illustrated notes

Levels and vault maps discovered:
D:1:      reono_arrival_forest_river, layout_rooms, serial_aquarium,
          aquarium_bridge_straight [aquarium_subvault_bridge,
          aquarium_subvault_window, aquarium_subvault_bridge,
          aquarium_subvault_window], aquarium_bridge_square
          [aquarium_subvault_wall, aquarium_subvault_wall,
          aquarium_subvault_bridge, aquarium_subvault_wall],
          aquarium_window_corner, aquarium_window_2, aquarium_window_2,
          aquarium_view_2b, aquarium_balcony_double_1, aquarium_pool_five,
          hex_tiny
D:2:      minmay_chambers_of_twos, layout_rooms,
          ebering_ecumenical_altar_sacrificial, serial_aquarium,
          aquarium_bridge_straight [aquarium_subvault_bridge,
          aquarium_subvault_wall, aquarium_subvault_bridge,
          aquarium_subvault_window], aquarium_bridge_straight
          [aquarium_subvault_bridge, aquarium_subvault_wall,
          aquarium_subvault_bridge, aquarium_subvault_balcony],
          aquarium_window_fake, aquarium_window_fake,
          aquarium_window_corridor_3, aquarium_view_2d, aquarium_balcony_3a,
          kennysheep_big_empty_room
D:3:      layout_rooms, uniq_natasha

Skill      XL: |  1  2  3 |
---------------+----------+-----
Long Blades    | 3 4 5 |  5.5
Fighting       | |  3.6
Armour         | |  3.6
Shields        | |  3.2

Action                   |  1- 3 |  4- 6 || total
-------------------------+-------+-------++-------
Melee: Long sword        |    84 |    64 ||   148
 Abil: Hop               |       |     2 ||     2
  Use: Potion            |       |     1 ||     1
Armor: Scale mail        |    35 |    11 ||    46
Dodge: Dodged            |    33 |    30 ||    63
Block: Buckler           |    22 |    12 ||    34

Table legend: (Time is in decaauts)
 A = Elapsed time spent in this place.
 B = Non-inter-level travel time spent in this place.
 C = Inter-level travel time spent in this place.
 D = Time resting spent in this place.
 E = Time spent auto-exploring this place.
 F = Levels seen in this place.
 G = Mean time per level.
                   A        B        C        D        E       F      G
               +--------+--------+--------+--------+--------+-----+--------+
         Total |   2793 |   2738 |     55 |    393 |   1953 |   3 |  931.0 |
       Dungeon |   2793 |   2738 |     55 |    393 |   1953 |   3 |  931.0 |
               +--------+--------+--------+--------+--------+-----+--------+

Top non-repeatable levels by time:
     D:2: 1278 daAuts
     D:1: 826 daAuts
     D:3: 688 daAuts
